AoeStats
← PerfectNexus

Arena

508114188Analyzed
3v3 RM · 10d ago on Sep 20, 2026· 48m 0s· 6 players
Game mode
Random Map
Map size
Normal (6 player)
Population
200
Speed
Normal
Resources
Standard
Victory
Conquest
Starting age
Dark Age
Ending age
Imperial Age
RankedLock teamsTeams togetherTeam positionsShared explorationLock speedFull tech treeHidden civsTurbo modeCheats
Victory
Defeat
🇨🇴 Persians · Colombia
1152
+9
🇨🇴 Jurchens · Colombia
1129
+10
🇨🇴 Lithuanians · Colombia
1099
+11
🇺🇸 Bengalis · United States
1019
-11
🇲🇽 Ethiopians · Mexico
981
-10
🇦🇷 Huns · Argentina
968
-9
PerfectNexus
10:59 Feudal Age
11:33 Double-Bit Axe
13:13 Gold Mining
16:12 Horse Collar
16:32 Stone Mining
21:12 Castle Age
20:06 Fletching
20:18 Padded Archer Armor
21:15 Crossbowman
21:54 Bodkin Arrow
22:53 Leather Archer Armor
24:31 Wheelbarrow
25:02 Bow Saw
28:50 Heavy Plow
30:42 Royal Heirs
30:57 Forging
30:52 Scale Mail Armor
31:46 Thumb Ring
32:42 Iron Casting
35:36 Imperial Age
33:28 Chain Mail Armor
35:28 Squires
36:38 Conscription
37:24 Plate Mail Armor
37:56 Blast Furnace
36:52 Elite Shotel Warrior
40:45 Halberdier
42:43 Arson
acme.xo
10:34 Feudal Age
11:27 Loom
15:07 Castle Age
13:22 Double-Bit Axe
16:06 Horse Collar
16:58 Redemption
18:20 Sanctity
19:25 Wheelbarrow
32:01 Fletching
35:44 Pikeman
37:43 Bow Saw
40:16 Imperial Age
38:23 Scale Mail Armor
38:58 Forging
39:33 Squires
40:36 Halberdier
42:56 Block Printing
FranGinaro
10:11 Feudal Age
11:57 Loom
14:16 Castle Age
12:40 Double-Bit Axe
13:20 Horse Collar
15:23 Bow Saw
19:50 Fletching
22:19 Bodkin Arrow
25:00 Wheelbarrow
25:11 Town Watch
27:19 Hand Cart
31:09 Imperial Age
28:31 Loom
29:56 Thumb Ring
ojrguio
10:31 Feudal Age
15:03 Castle Age
13:15 Double-Bit Axe
13:12 Horse Collar
13:58 Loom
14:53 Wheelbarrow
28:51 Imperial Age
32:03 Conscription
33:57 Elite Leitis
34:47 Town Watch
35:36 Scale Barding Armor
35:42 Forging
37:53 Chain Barding Armor
39:28 Heavy Plow
41:10 Plate Barding Armor
41:10 Iron Casting
41:50 Bow Saw
42:13 Crop Rotation
42:03 Hand Cart
41:48 Town Patrol
cfosorioq
10:55 Feudal Age
14:43 Castle Age
13:43 Double-Bit Axe
16:52 Forging
19:49 Loom
36:45 Stone Mining
41:08 Wheelbarrow
40:47 Horse Collar
44:08 Hand Cart
46:27 Padded Archer Armor
49:28 Imperial Age
50:03 Imperial Age
caaruizma
10:52 Feudal Age
14:22 Castle Age
12:44 Double-Bit Axe
14:58 Horse Collar
15:32 Bow Saw
25:28 Heavy Plow
26:09 Wheelbarrow
26:04 Scale Barding Armor
26:11 Forging
25:59 Gold Mining
26:03 Stone Mining
26:35 Husbandry
27:28 Chain Barding Armor
27:31 Bloodlines
27:36 Light Cavalry
30:19 Hand Cart
30:47 Stone Shaft Mining
30:51 Gold Shaft Mining
33:19 Imperial Age
30:57 Loom
30:58 Town Watch
31:55 Iron Casting
33:17 Town Patrol
33:01 Cavalier
33:04 Hussar
34:08 Conscription
35:23 Two-Man Saw
34:57 Crop Rotation
36:00 Chemistry
36:41 Savar
39:06 Plate Barding Armor
39:32 Blast Furnace
Connection lost

Rejoining the realm…

Still unreachable

The connection could not be restored.

Session expired

The server has moved on; the page needs a fresh start.